 Dungeon Crawl Stone Soup version 0.30-a0-250-g41c1d76940 (webtiles) character file.

Game seed: 221720374259586300

2293 Flugkiller the Nimble (level 9, -2/49 (54) HPs)
             Began as an Octopode Delver on Oct 12, 2022.
             Was a Priest of Hepliaklqana.
             Slain by a wight
             ... wielding a +2 dagger of venom
              (3 damage)
             ... on level 6 of the Dungeon.
             The game lasted 00:06:32 (5279 turns).

Flugkiller the Nimble (Octopode Delver)             Turns: 5279, Time: 00:06:32

HP:   -2/49 (54)    AC:  1    Str: 12    XL:     9   Next: 40%
MP:   18/18         EV: 18    Int: 12    God:    Hepliaklqana [***...]
Gold: 275           SH:  5    Dex: 17    Spells: 8/8 levels left

rFire   . . .      SeeInvis .    i - +3 dagger (drain)
rCold   . . .      Faith    .    k - +0 buckler
rNeg    . . .      Spirit   .    (helmet restricted)
rPois   .          Reflect  .    (no amulet)
rElec   .          Harm     .    s - ring of magical power
rCorr   .          Rampage  .    r - ring of flight
Will    .....                    (no ring)
Stlth   ++++......               (no ring)
HPRegen 0.28/turn                (no ring)
MPRegen 0.16/turn                (no ring)
                                 (no ring)
                                 (no ring)

@: flying, studying Throwing, drained
A: reduced essence, almost no armour, amphibious, 8 rings, camouflage 1,
gelatinous body 1, (nimble swimmer 1), tentacles
a: Renounce Religion, Recall Ancestor, Ancestor Identity, Transference


You were on level 6 of the Dungeon.
You worshipped Hepliaklqana.
Hepliaklqana was most pleased with you.
You visited 1 branch of the dungeon, and saw 7 of its levels.

You collected 275 gold pieces.

Inventory:

Hand Weapons
 a - a +0 short sword
 i - a +3 dagger of draining (weapon)
   (You took it off a kobold brigand on level 4 of the Dungeon)
 x - a +0 long sword
   (You found it on level 3 of the Dungeon)
Missiles
 o - 2 throwing nets (quivered)
 v - 10 poisoned darts
 B - 6 javelins
Armour
 k - a +0 buckler (worn)
   (You took it off a goblin on level 4 of the Dungeon)
Jewellery
 r - a ring of flight (right tentacle)
   (You found it on level 3 of the Dungeon)
 s - a ring of magical power (left tentacle)
   (You found it on level 1 of the Dungeon)
Wands
 f - a wand of digging (3)
 g - a wand of charming (24)
   (You took it off a kobold brigand on level 4 of the Dungeon)
 C - a wand of mindburst (15)
   (You found it on level 6 of the Dungeon)
Scrolls
 b - a scroll of fog
 c - 2 scrolls of magic mapping
 d - 3 scrolls of fear
 e - 2 scrolls of enchant weapon
 j - 2 scrolls of vulnerability
 m - a scroll of brand weapon
 n - 2 scrolls of amnesia
 p - a scroll of enchant armour {unknown}
 t - 2 scrolls of teleportation
 u - 2 scrolls of noise
 y - a scroll of torment
 E - a scroll of silence {unknown}
Potions
 h - a potion of haste
 l - a potion of brilliance {unknown}
 q - 3 potions of curing
 w - 2 potions of lignification {unknown}
 z - 4 potions of heal wounds {unknown}
 A - 3 potions of degeneration {unknown}
 D - a potion of attraction {unknown}


   Skills:
 - Level 5.0 Fighting
 - Level 5.0 Short Blades
 + Level 9.5 Dodging
 - Level 6.6 Stealth
 - Level 4.0 Shields
 - Level 0.5 Invocations
 - Level 3.0 Evocations


You had 8 spell levels left.
You didn't know any spells.
Your spell library contained the following spells:

 Spells                   Type           Power      Damage    Failure   Level
 Kiss of Death            Conj/Necr      0%         2d5       38%         1
 Blink                    Tloc           0%         N/A       54%         2
 Momentum Strike          Conj/Tloc      0%         3d8       54%         2
 Confusing Touch          Hex            0%         N/A       77%         3
 Inner Flame              Hex/Fire       0%         N/A       77%         3
 Lesser Beckoning         Tloc           0%         N/A       77%         3
 Ozocubu's Armour         Ice            0%         N/A       77%         3
 Cause Fear               Hex            0%         N/A       99%         4
 Dispel Undead            Necr           0%         3d6       99%         4
 Metabolic Englaciation   Hex/Ice        0%         N/A       100%        5
 Simulacrum               Ice/Necr       0%         N/A       100%        6
 Discord                  Hex            0%         N/A       100%        8


Dungeon Overview and Level Annotations

Branches:
Dungeon (7/15) Zot: 26792  Temple (0/1) D:4

Altars:
Elyvilon
Hepliaklqana
Sif Muna

Shops:
D:4 :

Annotations:
D:4 Edmund


Innate Abilities, Weirdness & Mutations

Your life essence is reduced to manifest your ancestor. (-10% HP)
You cannot wear most types of armour.
You are amphibious.
You can wear up to eight rings at the same time.
Your skin changes colour to match your surroundings (Stealth+).
Your rubbery body absorbs attacks. (AC +1, EV +1)
((You are camouflaged when in or above water. (Stealth+)))
You have tentacles for arms and can constrict up to eight enemies at once.


Message History

Lici drains the orc.
The orc dies!
The centaur shoots an arrow.
The arrow hits Lici.
Something hits Lici.
Lici completely misses something.
The centaur shoots an arrow.
The arrow barely misses Lici.
The arrow hits you.
Lici hits something with a +0 dagger of draining!
Okay, then.
The centaur shoots an arrow.
The arrow misses Lici.
The arrow completely misses you.
Lici hits the centaur with a +0 dagger of draining!
Lici drains the centaur.
Something hits Lici but does no damage.
Lici resists with some effort.
Lici closely misses something.
The centaur unwields a +0 shortbow.
The centaur misses Lici.
The centaur barely misses Lici.
The centaur wields a +0 shortbow.
The centaur shoots an arrow.
The arrow hits Lici.
Lici points at the centaur and mumbles some strange words.
The centaur seems to slow down.
Lici hits the centaur with a +0 dagger of draining!
The centaur dies!
Lici hits something with a +0 dagger of draining.
Lici hits something with a +0 dagger of draining.
Something hits Lici but does no damage.
Lici hits something with a +0 dagger of draining.
Lici misses something.
Something barely misses Lici.
Lici hits something with a +0 dagger of draining.
Reactivating autopickup.
You feel a bit more experienced.
The orc hits Lici with a +0 dagger.
Lici hits the orc with a +0 dagger of draining!
The orc dies!
Lici closely misses something.
A puff of flame appears from out of thin air!
The puff of flame hits Lici.
Lici resists.
Lici hits something with a +0 dagger of draining!
You feel a bit more experienced.
The ogre barely misses Lici.
Lici closely misses the ogre.
Lici hits the ogre with a +0 dagger of draining.
The ogre hits Lici with a +0 giant club!!
Lici is destroyed!
There is a stone staircase leading up here.
You fly upwards.
There is a stone staircase leading down here.
HP restored.
Lici emerges from the mists of memory!
You start waiting.
Done waiting.
There is a stone staircase leading down here.
You fly downwards.
There is a stone staircase leading up here.
There are monsters nearby!
There are monsters nearby!
The helpless wight fails to defend itself.
You perforate the wight like a sieve!!!
You destroy the wight!
The wight hits you with a +2 dagger of venom!
You feel drained.
You are poisoned.
You hit the wight. You grab the wight. You squeeze the wight!
The wight is severely damaged.
You constrict the wight, but do no damage.
You feel very sick.
Lici hits the wight with a +0 dagger of draining.
The wight closely misses you. The wight misses you.
You release your grip on the wight.
You feel sick.
The gnoll shouts!
The gnoll bouda shouts!
The wight misses you. You block the wight's attack. x2
Lici hits the wight with a +0 dagger of draining!
The wight is destroyed!
The gnoll shouts!
Your life force feels restored.
You fly upwards.
You feel sick.
There is a stone staircase leading down here.
You hit the wight. You grab the wight.
The wight is severely damaged.
You constrict the wight, but do no damage.
You feel sick. The wight closely misses you.
The wight hits you with a +2 dagger of venom.
You feel drained.
You are more poisoned.
You hit the wight.
The wight is almost destroyed.
You constrict the wight, but do no damage.
You feel sick.
You barely miss the wight.
The wight is almost destroyed.
You constrict the wight, but do no damage.
You feel very sick. The wight hits you with a +0 trident!
You feel drained.
* * * LOW HITPOINT WARNING * * *
The wight hits you with a +2 dagger of venom!
* * * LOW HITPOINT WARNING * * *
You are more poisoned.
Unknown command.
You feel better.
You constrict the wight. You block the wight's attack.
The wight hits you with a +2 dagger of venom!
* * * LOW HITPOINT WARNING * * *
You feel drained.
You die...

........#
........#
........#
........#
........#
........#
........#
........##########
...............z@#
###......#######z#
#......# #.#
#......# #.#
#.....## #.#
#.....###### #.#
#..........# #.#
#..........# #.#
##..........# #.#


You could see 2 wights.

Vanquished Creatures
  A gargoyle (D:6)
  2 black bears
  An ogre (D:6)
  2 kobold brigands
  4 scorpions
  A wight (D:7)
  2 killer bees (D:6)
  A howler monkey (D:6)
  4 hounds
  3 iguanas
  An orc wizard (D:5)
  9 adders
  A white imp (D:6)
  A worm (D:2)
  2 dart slugs (D:2)
  3 orcs
  10 ball pythons
  2 bats
  4 endoplasms
  2 giant cockroaches
  7 goblins
  3 hobgoblins
  4 jackals (D:4)
  6 quokkas
  2 frilled lizards
  5 kobolds
  3 rats
86 creatures vanquished.

Vanquished Creatures (collateral kills)
  Menkaure (D:6)
  2 orc warriors (D:5)
  A sky beast (D:5)
  An ice beast (D:7)
  A centaur (D:7)
  A wight (D:7)
  A killer bee (D:6)
  An iguana (D:6)
  3 orc wizards
  An adder (D:3)
  4 orcs
  An endoplasm (D:4)
  A bat (D:2)
19 creatures vanquished.

Vanquished Creatures (others)
  2 hexers
  7 plants (D:4)
9 creatures vanquished.

Grand Total: 114 creatures vanquished

Notes
Turn   | Place    | Note
-------+----------+-------------------------------------------
     0 | D:5      | Flugkiller the Octopode Delver began the quest for the Orb.
     0 | D:5      | Reached XP level 1. HP: 16/16 MP: 1/1
    22 | D:4      | Noticed a scorpion
    28 | D:4      | Killed a scorpion
    29 | D:4      | Reached skill level 4 in Dodging
    29 | D:4      | Reached XP level 2. HP: 2/21 MP: 2/2
    29 | D:4      | Reached XP level 3. HP: 3/26 MP: 3/3
    29 | D:4      | Reached XP level 4. HP: 4/31 MP: 4/4
   166 | D:4      | Noticed a scorpion
   169 | D:4      | Killed a scorpion
   170 | D:4      | Reached skill level 5 in Dodging
   170 | D:4      | Reached XP level 5. HP: 36/36 MP: 5/5
   213 | D:4      | Found a hazy altar of Hepliaklqana.
   214 | D:4      | Found a faded altar of an unknown god.
   214 | D:4      | Noticed a kobold brigand
   224 | D:4      | Killed a kobold brigand
   225 | D:4      | Reached skill level 1 in Evocations
   233 | D:4      | Became a worshipper of Hepliaklqana the Forgotten
   303 | D:4      | Noticed Edmund
   343 | D:4      | Found a shimmering blue altar of Sif Muna.
   478 | D:3      | Reached XP level 6. HP: 43/43 MP: 6/6
  1381 | D:2      | Reached * piety under Hepliaklqana
  1919 | D:3      | Reached skill level 1 in Shields
  2512 | D:4      | Found a staircase to the Ecumenical Temple.
  2731 | D:4      | Found Big Hog's Book Shoppe.
  2968 | D:5      | Reached ** piety under Hepliaklqana
  2969 | D:5      | Remembered your ancestor Lici as a hexer
  3026 | D:5      | Noticed a sky beast
  3047 | D:5      | Killed a sky beast
  3048 | D:5      | Reached XP level 7. HP: 43/43 MP: 7/7
  3361 | D:5      | Reached XP level 8. HP: 28/48 MP: 8/8
  3403 | D:5      | Reached skill level 6 in Dodging
  4233 | D:6      | Reached skill level 5 in Short Blades
  4277 | D:6      | Noticed a gargoyle
  4284 | D:6      | Killed a gargoyle
  4285 | D:6      | Reached skill level 7 in Dodging
  4285 | D:6      | Reached skill level 5 in Fighting
  4418 | D:6      | Noticed Menkaure
  4552 | D:6      | Killed Menkaure
  4553 | D:6      | Reached XP level 9. HP: 54/54 MP: 9/9
  4575 | D:6      | Reached skill level 8 in Dodging
  4975 | D:6      | Found a white marble altar of Elyvilon.
  5102 | D:7      | Reached skill level 9 in Dodging
  5105 | D:7      | Reached *** piety under Hepliaklqana
  5278 | D:6      | HP: 1/51 [wight/+2 dagger of venom (11)]
  5279 | D:6      | Slain by a wight

Illustrated notes

Levels and vault maps discovered:
D:1:      dpeg_arrival_simpleton_a, layout_basic, minmay_indecisive_spiral
D:2:      layout_loops_cross, hangedman_abyss_or_decor_stabs,
          nicolae_concentric_dashed_squares_wild
D:3:      layout_basic, chequers_serial_rivers_room_b
D:4:      cheibrodos_quashed, layout_loops_ring, nicolae_sif_muna_condensation,
          beargit_hepliaklqana_dungeon_heroes,
          minmay_temple_entry_enclosed_plants, serial_shops,
          kennysheep_mini_moat, uniq_edmund
D:5:      layout_basic, minmay_manual_moon
D:6:      layout_basic, general_overflow_altar, minmay_microvault, uniq_menkaure
D:7:      layout_loops_ring, minmay_manual_mandibuliform

Skill      XL: |  1  2  3  4  5  6  7  8  9 |
---------------+----------------------------+-----
Dodging        | 4 5 7 9 |  9.5
Fighting       | 4 5 |  5.0
Evocations     | 2 3 |  3.0
Shields        | 3 4 |  4.0
Short Blades   | 3 5 |  5.0
Stealth        | |  6.6
Invocations    | |  0.5

Action                   |  1- 3 |  4- 6 |  7- 9 || total
-------------------------+-------+-------+-------++-------
Melee: Short sword       |     4 |     8 |       ||    12
       Tentacles         |     1 |    13 |    20 ||    34
       Constrict         |     1 |    20 |    21 ||    42
       Dagger            |       |    91 |    90 ||   181
       Punch             |       |     2 |       ||     2
Invok: Recall Ancestor   |       |     1 |     1 ||     2
       Ancestor Life: He |       |     1 |       ||     1
       Ancestor Identity |       |     1 |       ||     1
Evoke: Wand              |       |       |     2 ||     2
  Use: Scroll            |       |     6 |     2 ||     8
       Potion            |       |       |     1 ||     1
 Stab: Sleeping          |     1 |    22 |     3 ||    26
       Confused          |       |       |     5 ||     5
Armor: Skin              |       |       |     5 ||     5
Dodge: Dodged            |       |    40 |    55 ||    95
Block: Buckler           |       |     8 |    16 ||    24

Table legend: (Time is in decaauts)
 A = Elapsed time spent in this place.
 B = Non-inter-level travel time spent in this place.
 C = Inter-level travel time spent in this place.
 D = Time resting spent in this place.
 E = Time spent auto-exploring this place.
 F = Levels seen in this place.
 G = Mean time per level.
                   A        B        C        D        E       F      G
               +--------+--------+--------+--------+--------+-----+--------+
         Total |   5255 |   4869 |    386 |    600 |   3217 |   7 |  750.7 |
       Dungeon |   5255 |   4869 |    386 |    600 |   3217 |   7 |  750.7 |
               +--------+--------+--------+--------+--------+-----+--------+

Top non-repeatable levels by time:
     D:6: 1235 daAuts
     D:5: 1047 daAuts
     D:4: 865 daAuts
     D:3: 722 daAuts
     D:1: 715 daAuts
     D:2: 600 daAuts
     D:7: 68 daAuts
